 Dungeon Crawl Stone Soup version 0.29-a0-780-g652cadfb38 (webtiles) character file.

Game seed: 3131209044156341862

30397 Lekart the Severer (level 13, -15/174 HPs)
             Began as a Grey Draconian Fighter on July 2, 2022.
             Was an Elder of Wu Jian.
             Demolished by an orc warlord
             ... wielding a +1 dire flail of protection
              (21 damage)
             ... on level 2 of the Orcish Mines.
             The game lasted 00:45:22 (16511 turns).

Lekart the Severer (Grey Draconian Fighter)        Turns: 16511, Time: 00:45:23

Health: -15/174    AC: 26    Str: 20    XL:     13   Next: 20%
Magic:  2/13       EV:  2    Int:  6    God:    Wu Jian [****..]
Gold:   1261       SH:  0    Dex: 17    Spells: 12/12 levels left

rFire   . . .      SeeInvis +   q - +2 battleaxe (flame)
rCold   . . .      Faith    .   (shield currently unavailable)
rNeg    . . .      Spirit   .   (body armour unavailable)
rPois   +          Reflect  .   (helmet currently unavailable)
rElec   .          Harm     .   (cloak currently unavailable)
rCorr   .          Rampage  .   (gloves currently unavailable)
Will    .....      Clarity  +   (boots currently unavailable)
Stlth   +......... NoTele   +   y - amulet of regeneration
HPRegen 1.19/turn               w - ring of see invisible
MPRegen 0.13/turn               (no ring)

@: tree-form, in a heavenly storm, hasted, glowing, very quick
A: stationary, stasis, torment immunity, boosted hp, AC +13, (amphibious),
unfitting armour, (cold-blooded), agile 1, clarity, dopey 1
a: Renounce Religion, Wall Jump, Serpent's Lash


You were on level 2 of the Orcish Mines.
You worshipped Wu Jian.
Wu Jian was greatly pleased with you.
You were a tree.
You visited 2 branches of the dungeon, and saw 16 of its levels.

You collected 1612 gold pieces.
You spent 351 gold pieces at shops.

Inventory:

Hand Weapons
 a - a +0 war axe of flaming
 q - a +2 battleaxe of flaming (weapon)
 B - the +6 glaive of the Last Spines {freeze, Str+5}
   (You found it on level 12 of the Dungeon)

   It freezes those it strikes, dealing additional cold damage.
   It can also slow down cold-blooded creatures.
   Str:       It affects your strength (+5).
Missiles
 n - 6 throwing nets (quivered)
Armour
 b - a +0 buckler
 c - a +1 cloak (melded)
 x - a +1 pair of boots (melded)
 z - the -1 hat "Fyusoski" {rF+ rC+}
   (You found it on level 8 of the Dungeon)

   rF:        It protects you from fire.
   rC:        It protects you from cold.
 F - the +2 hat of the Bear Spirit (melded) {Spirit, *Rage Will++}
   (You bought it in a shop on level 1 of the Orcish Mines)

   Going berserk makes the wearer tougher, and they're slowed less afterward.
   *Rage:     It berserks you when you make melee attacks (+20% chance).
   Will:      It greatly increases your willpower.
Jewellery
 o - a ring of ice
 w - a ring of see invisible (left branch)
 y - an amulet of regeneration (around neck)
 D - a ring of wizardry
Wands
 d - a wand of flame (14)
 t - a wand of iceblast (5)
Scrolls
 g - a scroll of fog
 l - 2 scrolls of immolation
 m - a scroll of amnesia
 r - 4 scrolls of enchant armour
 C - 6 scrolls of identify
Potions
 e - 2 potions of cancellation
 f - a potion of magic
 i - 4 potions of attraction
 j - 4 potions of brilliance
 k - 2 potions of mutation
 p - a potion of resistance
 u - 6 potions of curing


   Skills:
 + Level 11.3 Fighting
 + Level 15.5(16.0) Axes
 + Level 6.5(12.0) Polearms
 + Level 9.5 Dodging
 + Level 6.2 Shields
 + Level 3.4 Evocations


You had 12 spell levels left.
You didn't know any spells.
Your spell library contained the following spells:

 Spells                   Type           Power      Damage    Failure   Level
 Foxfire                  Conj/Fire      0%         2x1d4     45%         1
 Magic Dart               Conj           0%         1d3       45%         1
 Summon Small Mammal      Summ           0%         N/A       45%         1
 Ensorcelled Hibernation  Hex/Ice        0%         N/A       58%         2
 Passwall                 Tmut/Erth      0%         N/A       58%         2
 Searing Ray              Conj           0%         2d4       58%         2
 Call Canine Familiar     Summ           0%         N/A       83%         3
 Conjure Flame            Conj/Fire      0%         6-21      83%         3
 Inner Flame              Hex/Fire       0%         N/A       83%         3
 Summon Guardian Golem    Hex/Summ       0%         N/A       83%         3
 Swiftness                Air            0%         N/A       83%         3
 Flame Wave               Conj/Fire      0%         2d4       99%         4
 Fulminant Prism          Conj/Hex       0%         3d6       99%         4
 Blade Hands              Tmut           0%         N/A       100%        5
 Irradiate                Conj/Tmut      0%         3d13      100%        5
 Iron Shot                Conj/Erth      0%         9d1       100%        6
 Dragon Form              Tmut           0%         N/A       100%        7
 Animate Armour           Summ/Erth      Unusable   N/A       N/A         4

Dungeon Overview and Level Annotations

Branches:
Dungeon (14/15)            Temple (0/1) D:6            Lair (0/6) D:10
    Orc (2/2) D:11         Vaults (0/5) D:13
    Elf: Orc:2

Altars:
Cheibriados
Dithmenos
Fedhas
Gozag
Hepliaklqana
Kikubaaqudgha
Makhleb
Nemelex Xobeh
Okawaru
Sif Muna
Trog
Vehumet
Wu Jian

Shops:
D:4 :   D:13 (   Orc:1 [

Annotations:
D:6 1 runed translucent door, BearFiend's ghost, novice DrVM
D:7 3 runed translucent doors, raistware's ghost, novice MiFi
D:10 2 transporters, JosephDoom's ghost, journeyman FoVM
D:12 exclusion: downstairs
D:13 2 transporters
D:14 3 runed translucent doors, Viumn's ghost, adept MiBe


Innate Abilities, Weirdness & Mutations

You are a tree.
Your roots penetrate the ground, keeping you stationary.
You cannot be teleported.
You are immune to unholy pain and torment.
Your maximum health is greatly increased.
Your equipment is partially melded.
((Your dull iron-grey scales are very hard. (AC +13)))
((You are amphibious.))
You cannot fit into any form of body armour.
((You are cold-blooded and may be slowed by cold attacks.))
You are agile. (Dex +4, Str/Int -1)
You possess an exceptional clarity of mind.
You are dopey. (Int -2)


Message History

You hear a shout!
The orc warlord roars a battlecry!
The orc warrior goes into a battle-frenzy!
The orc warrior hits you but does no damage.
You lunge at the orc warrior.
You slice the orc warrior!! You burn the orc warrior!
You kill the orc warrior!
The Council accepts your kill.
You hit the orc warlord. You burn the orc warlord.
You hear a shout!
The orc wizard mumbles some strange words.
The orc wizard flickers and vanishes for a moment.
Things that are here:
a +0 great mace; a +0 plate armour; an orc corpse You slice the orc warlord!!
You burn the orc warlord.
The orc warlord is moderately wounded.
You barely miss the orc warrior.
The orc warlord hits you with a +1 dire flail of protection!!
* * * LOW HITPOINT WARNING * * *
The orc warrior hits you with a +0 war axe.
* * * LOW HITPOINT WARNING * * *
It was a potion of lignification.
You turn into a tree.
Your +1 cloak melds into your body.
The +2 hat of the Bear Spirit {Spirit, *Rage Will++} melds into your body.
Your +1 pair of boots melds into your body.
You feel strangely alone.
Your roots penetrate the ground.
The orc warlord hits you but does no damage.
An orc priest comes into view. It is wielding a +0 whip.
The orc warrior hits you but does no damage.
You feel better.
The orc warlord hits you with a +1 dire flail of protection!!
* * * LOW HITPOINT WARNING * * *
The orc wizard hits you but does no damage.
The orc warrior hits you with a +0 war axe!
* * * LOW HITPOINT WARNING * * *
Okay, then.
It was a potion of haste.
You feel yourself speed up.
You hear a shout!
The orc warlord hits you with a +1 dire flail of protection!!
You die...

.... #o.. #....
#8... ###
#.....#§##
#.....#♣§##
.....§ooo☼##
.....☼§§☼§.#
........#.##
...........#
...........##
............##
.#...........###
.$...........).##


You could see an orc warlord, an orc warrior (strong) and an orc wizard (strong,
invisible).

Vanquished Creatures
  An ettin (Orc:2)
  3 boulder beetles
  6 two-headed ogres
  2 centaur warriors
  Sonja (D:11)
  An orc high priest (Orc:2)
  Nergalle (Orc:2)
  Lodul (D:13)
  A wizard (D:11)
  An orc knight (Orc:2)
  An ugly thing (D:13)
  Pikel (D:8)
  A deep elf pyromancer (D:12)
  2 cyclopes
  A manticore (shapeshifter) (D:13)
  A cyclops (shapeshifter) (D:11)
  An orc sorcerer (Orc:1)
  A manticore (D:11)
  Maurice (D:13)
  3 gargoyles (D:12)
  4 unseen horrors
  2 komodo dragons
  2 efreet
  8 trolls
  A hornet (D:9)
  A shadow (D:12)
  A wyvern (D:8)
  A wraith (D:12)
  2 vampires (D:13)
  5 yaks (D:10)
  8 vampire mosquitoes
  5 wargs
  3 acid dragons
  A water moccasin (D:4)
  21 orc warriors
  A sky beast (D:6)
  16 ogres
  13 centaurs
  5 kobold brigands
  4 bullfrogs
  2 necrophages (D:6)
  2 scorpions
  9 wights
  10 killer bees
  9 howler monkeys
  An electric eel (D:6)
  3 hounds
  16 orc priests
  Crazy Yiuf (D:2)
  25 orc wizards
  Robin (D:3)
  11 gnolls
  6 adders
  3 ufetubi
  3 worms
  2 dart slugs
  73 orcs
  6 endoplasms
  5 giant cockroaches
  19 goblins
  11 hobgoblins
  6 quokkas
  5 ball pythons
  5 bats
  4 frilled lizards
  11 kobolds
  8 rats
392 creatures vanquished.

Vanquished Creatures (others)
  An orc wizard (Orc:2)
  A goblin (D:3)
  15 plants
17 creatures vanquished.

Grand Total: 409 creatures vanquished

Notes
Turn   | Place    | Note
-------+----------+-------------------------------------------
     0 | D:1      | Lekart the Draconian Fighter began the quest for the Orb.
     0 | D:1      | Reached XP level 1. HP: 19/19 MP: 1/1
   196 | D:1      | Found a faded altar of an unknown god.
   202 | D:1      | Reached XP level 2. HP: 26/26 MP: 2/2
   277 | D:1      | Prayed at the altar of an unknown god.
   277 | D:1      | Became a worshipper of the Wu Jian Council
   277 | D:1      | Reached * piety under Wu Jian
   993 | D:2      | Reached XP level 3. HP: 22/33 MP: 3/3
  1237 | D:2      | Found a snail-covered altar of Cheibriados.
  1419 | D:2      | Found a runed translucent door.
  1420 | D:2      | Noticed Crazy Yiuf
  1427 | D:2      | Killed Crazy Yiuf
  1428 | D:2      | Reached skill level 3 in Axes
  1428 | D:2      | Reached XP level 4. HP: 38/40 MP: 4/4
  1651 | D:3      | Noticed Robin
  1654 | D:3      | Reached ** piety under Wu Jian
  1676 | D:3      | Killed Robin
  1677 | D:3      | Reached skill level 4 in Axes
  1677 | D:3      | Reached XP level 5. HP: 18/46 MP: 5/5
  2360 | D:3      | Noticed an ogre
  2368 | D:3      | Killed an ogre
  2514 | D:3      | Found a burning altar of Makhleb.
  2573 | D:3      | Reached XP level 6. HP: 34/53 MP: 6/6
  2575 | D:3      | Reached *** piety under Wu Jian
  2716 | D:4      | Noticed a water moccasin
  2725 | D:4      | Reached skill level 5 in Axes
  2732 | D:4      | Killed a water moccasin
  3043 | D:4      | Your scales start taking on a dull iron-grey colour.
  3043 | D:4      | Reached XP level 7. HP: 58/60 MP: 7/7
  3045 | D:4      | Reached skill level 1 in Evocations
  3675 | D:4      | Found Qaog's Book Boutique.
  3685 | D:4      | Reached skill level 5 in Fighting
  3908 | D:4      | Gained mutation: You sometimes lose your temper in combat.
                  | [potion of mutation]
  3908 | D:4      | Gained mutation: You have sharp toenails. [potion of
                  | mutation]
  3909 | D:4      | Lost mutation: You sometimes lose your temper in combat.
                  | [potion of mutation]
  3909 | D:4      | Lost mutation: You have sharp toenails. [potion of
                  | mutation]
  3909 | D:4      | Gained mutation: You are dopey. (Int -2) [potion of
                  | mutation]
  3909 | D:4      | Gained mutation: You possess an exceptional clarity of
                  | mind. [potion of mutation]
  3909 | D:4      | Gained mutation: You are agile. (Dex +4, Str/Int -1)
                  | [potion of mutation]
  3920 | D:5      | Entered Level 5 of the Dungeon
  3955 | D:5      | Found a radiant altar of Vehumet.
  4257 | D:5      | Reached skill level 6 in Axes
  4361 | D:5      | Found a shimmering blue altar of Sif Muna.
  4807 | D:6      | Found a runed translucent door.
  4841 | D:6      | Found an ancient bone altar of Kikubaaqudgha.
  4841 | D:6      | Found a hazy altar of Hepliaklqana.
  4849 | D:6      | Noticed BearFiend's ghost (novice DrVM)
  4864 | D:6      | Reached XP level 8. HP: 67/69 MP: 8/8
  4876 | D:6      | Reached skill level 7 in Axes
  5179 | D:6      | Found a staircase to the Ecumenical Temple.
  5576 | D:6      | Reached skill level 5 in Dodging
  5874 | D:7      | Reached skill level 8 in Axes
  6207 | D:7      | Reached **** piety under Wu Jian
  6299 | D:7      | Found a blossoming altar of Fedhas.
  6333 | D:7      | Found a runed translucent gate.
  6334 | D:7      | Found a runed translucent gate.
  6335 | D:7      | Found a runed translucent gate.
  6336 | D:7      | Noticed raistware's ghost (novice MiFi)
  6881 | D:8      | Reached XP level 9. HP: 36/78 MP: 9/9
  7296 | D:8      | Found an iron altar of Okawaru.
  7600 | D:8      | Noticed Pikel
  7611 | D:8      | Killed Pikel
  7612 | D:8      | Reached skill level 9 in Axes
  7698 | D:8      | Found a shadowy altar of Dithmenos.
  7699 | D:8      | Reached skill level 5 in Shields
  8354 | D:8      | Noticed an unseen horror
  8358 | D:8      | Noticed a two-headed ogre
  8358 | D:8      | Noticed a two-headed ogre
  8386 | D:8      | Killed an unseen horror
  8387 | D:8      | Reached skill level 10 in Axes
  8397 | D:8      | Killed a two-headed ogre
  8398 | D:8      | Reached XP level 10. HP: 30/86 MP: 10/10
  8737 | D:8      | Killed a two-headed ogre
  8899 | D:8      | Identified the -1 hat "Fyusoski" {rF+ rC+}
  9218 | D:9      | Found an opulent altar of Gozag.
  9486 | D:9      | Noticed a two-headed ogre
  9494 | D:9      | Killed a two-headed ogre
  9495 | D:9      | Reached skill level 11 in Axes
 10280 | D:10     | Entered Level 10 of the Dungeon
 10565 | D:10     | Found a transporter.
 10567 | D:10     | Noticed a yaktaur captain
 10567 | D:10     | Noticed JosephDoom's ghost (journeyman FoVM)
 10579 | D:10     | Found a transporter.
 10963 | D:10     | Noticed a two-headed ogre
 10974 | D:10     | Killed a two-headed ogre
 10975 | D:10     | Reached skill level 12 in Axes
 10975 | D:10     | Reached XP level 11. HP: 86/95 MP: 11/11
 11315 | D:10     | Found a staircase to the Lair.
 11434 | D:10     | Noticed a boulder beetle
 11458 | D:10     | Killed a boulder beetle
 11896 | D:11     | Noticed a two-headed ogre
 11952 | D:10     | Killed a two-headed ogre
 12087 | D:11     | Noticed Sonja
 12184 | D:11     | Killed Sonja
 12185 | D:11     | Reached skill level 13 in Axes
 12342 | D:11     | Noticed a wizard
 12351 | D:11     | Killed a wizard
 12387 | D:11     | Reached ***** piety under Wu Jian
 12655 | D:11     | Found a staircase to the Orcish Mines.
 12904 | D:12     | Noticed a deep elf pyromancer
 12907 | D:12     | Killed a deep elf pyromancer
 13015 | D:12     | Identified the +6 glaive of the Last Spines {freeze, Str+5}
 13169 | D:12     | Noticed a boulder beetle
 13182 | D:12     | Killed a boulder beetle
 13183 | D:12     | Reached skill level 1 in Polearms
 13244 | D:12     | Reached skill level 14 in Axes
 13244 | D:12     | Reached XP level 12. HP: 102/106 MP: 12/12
 13265 | D:12     | Reached skill level 10 in Fighting
 13340 | D:12     | Noticed a two-headed ogre
 13344 | D:12     | Killed a two-headed ogre
 13973 | D:13     | Noticed Lodul
 13998 | D:13     | Reached skill level 5 in Polearms
 14013 | D:13     | Noticed a centaur warrior
 14017 | D:13     | Killed a centaur warrior
 14082 | D:13     | Killed Lodul
 14100 | D:13     | Found a transporter.
 14106 | D:13     | Found a transporter.
 14109 | D:13     | Noticed a tengu warrior
 14111 | D:13     | Noticed a tengu warrior
 14124 | D:13     | Found a bloodstained altar of Trog.
 14147 | D:13     | Noticed Maurice
 14158 | D:13     | Killed Maurice
 14194 | D:13     | Found Ebant's Antique Weapon Boutique.
 14217 | D:13     | Found a sparkling altar of Nemelex Xobeh.
 14255 | D:13     | Noticed a boulder beetle
 14271 | D:13     | Killed a boulder beetle
 14309 | D:13     | Found a gate to the Vaults.
 14309 | D:13     | Noticed a centaur warrior
 14309 | D:13     | Noticed a vault guard
 14309 | D:13     | Noticed a vault guard
 14309 | D:13     | Noticed a vault guard
 14309 | D:13     | Noticed a vault guard
 14334 | D:14     | Noticed a centaur warrior
 14338 | D:14     | Killed a centaur warrior
 14375 | D:14     | Found a runed translucent gate.
 14375 | D:14     | Found a runed translucent gate.
 14375 | D:14     | Found a runed translucent gate.
 14377 | D:14     | Found an ancient bone altar of Kikubaaqudgha.
 14378 | D:14     | Noticed a lich
 14378 | D:14     | Noticed a lich
 14378 | D:14     | Noticed a lich
 14378 | D:14     | Noticed Viumn's ghost (adept MiBe)
 14380 | D:14     | Noticed a lich
 14508 | Orc:1    | Entered Level 1 of the Orcish Mines
 14588 | Orc:1    | Found a radiant altar of Vehumet.
 14956 | Orc:1    | Found Dazaoq's Armour Shoppe.
 14965 | Orc:1    | Bought the +2 hat of the Bear Spirit {Spirit, *Rage Will++}
                  | for 351 gold pieces
 14965 | Orc:1    | Found the +2 hat of the Bear Spirit {Spirit, *Rage Will++}
 15138 | Orc:2    | Entered Level 2 of the Orcish Mines
 15179 | Orc:2    | Reached skill level 15 in Axes
 15260 | Orc:2    | Noticed an orc high priest
 15273 | Orc:2    | Reached XP level 13. HP: 75/116 MP: 8/13
 15333 | Orc:2    | Noticed Nergalle
 15342 | Orc:2    | Killed Nergalle
 15490 | Orc:1    | HP: 2/116 [orc sorcerer/bolt of fire (32)]
 15677 | Orc:2    | Noticed an ettin
 15695 | Orc:2    | Killed an ettin
 15817 | Orc:2    | Noticed an orc warlord
 16510 | Orc:2    | HP: 5/174 [orc warrior/+0 war axe (7)]
 16511 | Orc:2    | Demolished by an orc warlord

Illustrated notes

Levels and vault maps discovered:
D:1:      dpeg_arrival_boxorama, layout_basic,
          shapermc_ecumenical_altar_mp_highgroup, serial_park_tiny_pond,
          minmay_misc_feat_enclosed, nrook_loot_triangle
D:2:      layout_rooms, basic_altar, lemuel_flame_loot_1,
          uniq_crazy_yiuf_cottage
D:3:      layout_basic, lemuel_coloured_pillars_altar, minmay_goblin_outpost,
          uniq_robin
D:4:      layout_layer_cave, serial_shops, shop
D:5:      layout_rooms, nicolae_sif_muna_little_library,
          mainiacjoe_overflow_brackets
D:6:      layout_basic, nicolae_overflow_two_pavilions,
          minmay_temple_entry_hall, ebering_ghost_sewer_d,
          amcnicky_mini_pool_medium
D:7:      layout_loops_ring, mainiacjoe_overflow_surrounded_room,
          gammafunk_ghost_necromancy, chequers_serial_rivers_small_3
D:8:      layout_basic, okawaru_trees_1, grunt_dithmenos_smoke,
          minmay_increasing_density, uniq_pikel
D:9:      layout_irregular_city, grunt_gozag_breadcrumbs
D:10:     layout_rooms, dpeg_oklobed_lair, serial_rivers,
          chequers_serial_rivers_small_b, chequers_serial_rivers_micro_b,
          chequers_serial_rivers_small_a, chequers_serial_rivers_micro_a,
          gammafunk_ghost_arena, chequers_garden, grunt_ministairs_14
D:11:     layout_cave_pools, david_orc_2, uniq_sonja
D:12:     layout_basic, st_stairs_10
D:13:     layout_roguey, lightli_vaults_fourway_checkpoint,
          gammafunk_ghost_wrathful_warriors, serial_shops,
          nicolae_shop_overgrown_old_shop, nemelex_xobeh_ov_fountains_minmay,
          uniq_lodul, uniq_maurice
D:14:     minmay_the_grid_plus [minmay_the_grid_spin_star,
          minmay_the_grid_minigrid_small, minmay_the_grid_fan,
          minmay_the_grid_x, minmay_the_grid_prize_inner_circle],
          layout_stronghold, gammafunk_ghost_crypt, minmay_misc_feat_columns,
          nicolae_qazlal_eye_of_the_storm
Orc:1:    layout_diamond_mine, basic_altar, serial_shops, shop
Orc:2:    grunt_orc_cross, layout_caves, kennysheep_orc_chapel

Skill      XL: |  1  2  3  4  5  6  7  8  9 10 11 12 |
---------------+-------------------------------------+-----
Dodging        | 3 4 5 6 7 8 9 |  9.5
Axes           | 3 4 5 6 8 10 12 14 15 | 15.5
Fighting       | 4 5 6 7 8 9 11 | 11.3
Evocations     | 1 2 3 |  3.4
Shields        | 4 5 6 |  6.2
Polearms       | 1 6 |  6.5

Action                   |  1- 3 |  4- 6 |  7- 9 | 10-12 | 13-15 || total
-------------------------+-------+-------+-------+-------+-------++-------
Melee: War axe           |    98 |   128 |   345 |   211 |       ||   782
       Tailslap          |    12 |    12 |    55 |    96 |    18 ||   193
       Unarmed           |       |       |    26 |       |       ||    26
       Battleaxe         |       |       |       |   321 |    86 ||   407
       Glaive            |       |       |       |    82 |       ||    82
Invok: Whirlwind         |    27 |    13 |    17 |    26 |     1 ||    84
       Lunge             |     7 |     5 |    25 |    28 |     5 ||    70
       Serpent's Lash    |       |       |     1 |     1 |       ||     2
       Heavenly Storm    |       |       |       |       |     2 ||     2
 Abil: Wall Jump         |       |    16 |     3 |     5 |       ||    24
Evoke: Wand              |       |     6 |     8 |    20 |     1 ||    35
  Use: Scroll            |     3 |       |    12 |     9 |     4 ||    28
       Potion            |     1 |     1 |     2 |     2 |     5 ||    11
 Stab: Sleeping          |       |       |     4 |       |       ||     4
       Invisible         |       |       |       |     5 |       ||     5
Armor: Skin              |    26 |    51 |   180 |   193 |    41 ||   491
Dodge: Dodged            |    73 |    99 |   263 |   496 |   108 ||  1039
Block: Buckler           |    19 |    38 |   102 |    57 |       ||   216

Table legend: (Time is in decaauts)
 A = Elapsed time spent in this place.
 B = Non-inter-level travel time spent in this place.
 C = Inter-level travel time spent in this place.
 D = Time resting spent in this place.
 E = Time spent auto-exploring this place.
 F = Levels seen in this place.
 G = Mean time per level.
                   A        B        C        D        E       F      G
               +--------+--------+--------+--------+--------+-----+--------+
         Total |  16684 |  16193 |    491 |   2313 |  10230 |  16 | 1042.8 |
       Dungeon |  14692 |  14317 |    375 |   1669 |   9619 |  14 | 1049.4 |
  Orcish Mines |   1992 |   1877 |    115 |    644 |    611 |   2 |  996.0 |
               +--------+--------+--------+--------+--------+-----+--------+

Top non-repeatable levels by time:
    D:10: 1768 daAuts
     D:8: 1695 daAuts
     D:7: 1571 daAuts
     D:4: 1245 daAuts
     D:9: 1227 daAuts
    D:12: 1163 daAuts
     D:3: 1130 daAuts
     D:6: 1128 daAuts
   Orc:2: 1018 daAuts
   Orc:1: 973 daAuts
     D:1: 952 daAuts
    D:11: 905 daAuts
     D:5: 786 daAuts
     D:2: 671 daAuts
    D:13: 360 daAuts
